 Dungeon Crawl Stone Soup version 0.31.0-11-ge490571c62 (webtiles) character file.

Game seed: 17096157239595982850

114 qw the Skirmisher (level 4, 0/25 HPs)
             Began as a Deep Elf Hunter on Feb 3, 2024.
             Incinerated by a bombardier beetle (8 damage)
             ... with a burning spray
             ... on level 3 of the Dungeon.
             The game lasted 00:00:07 (1790 turns).

qw the Skirmisher (Deep Elf Hunter)                 Turns: 1790, Time: 00:00:07

Health: 0/25       AC:  6    Str: 10    XL:     4   Next: 66%
Magic:  6/6        EV:  9    Int: 14    God:
Gold:   92         SH:  0    Dex: 18    Spells: 3/3 levels left

rFire   . . .        a - +0 shortbow
rCold   . . .        (shield currently unavailable)
rNeg    . . .        h - +0 scale mail
rPois   .            (no helmet)
rElec   .            (no cloak)
rCorr   .            (no gloves)
SInv    .            (no boots)
Will    .....        e - amulet of the acrobat
Stlth   +            (no ring)
HPRegen 0.24/turn    (no ring)
MPRegen 0.10/turn

%: acrobat
@: on fire, glowing
A: no striking features
a: no special abilities


You were on level 3 of the Dungeon.
You visited 1 branch of the dungeon, and saw 3 of its levels.

You collected 92 gold pieces.


   Skills:
 - Level 1.5 Fighting
 + Level 8.1 Ranged Weapons
 - Level 2.4 Dodging
 - Level 1.2 Stealth


You had 3 spell levels left.
You didn't know any spells.
Your spell library was empty.

Inventory:

Hand Weapons
 a - a +0 shortbow (weapon)
Armour
 h - a +0 scale mail (worn)
Jewellery
 e - an amulet of the acrobat (around neck)
Scrolls
 g - a scroll of identify {unknown}
Potions
 b - a potion of mutation {unknown}
 c - a potion of curing {unknown}
 d - a potion of might {unknown}
 f - a potion of invisibility {unknown}
 i - a potion of berserk rage {unknown}
 j - a potion of heal wounds {unknown}

Dungeon Overview and Level Annotations

Branches:
Dungeon (3/15)

Altars:


Message History

You shoot an arrow. The arrow closely misses the hobgoblin.
The bat hits you but does no damage. x2; The hobgoblin barely misses you.
The bat hits you but does no damage.
You shoot an arrow. The arrow hits the hobgoblin.
The hobgoblin is severely wounded.
The bat hits you but does no damage.
The hobgoblin hits you but does no damage.
The bat barely misses you.
The hobgoblin hits you but does no damage.
You shoot an arrow. The arrow hits the hobgoblin.
You kill the hobgoblin!
The bat hits you but does no damage. x2
You shoot an arrow. The arrow barely misses the endoplasm.
The bat hits you but does no damage. The endoplasm closely misses you.
The bombardier beetle waves its antennae.
You shoot an arrow.
The arrow hits the bombardier beetle but does no damage.
The endoplasm hits you but does no damage.
The bombardier beetle bites you.
You shoot an arrow.
The arrow closely misses the bombardier beetle.
The endoplasm hits you but does no damage.
The endoplasm freezes you.
You are frozen.
The bombardier beetle sprays incendiary fluid at you.
The burning spray hits you.
You are covered in liquid fire!
You shoot an arrow. The arrow hits the bombardier beetle.
The bombardier beetle is lightly wounded.
The liquid fire burns you! The endoplasm barely misses you.
You shoot an arrow. The arrow hits the bombardier beetle.
The bombardier beetle is lightly wounded.
The liquid fire burns you! The endoplasm completely misses you.
The bombardier beetle bites you but does no damage.
You shoot an arrow. The arrow hits the bombardier beetle.
The bombardier beetle is heavily wounded.
The liquid fire burns you!
You die...

# ##. #..# #.bB### ## #
#J@.### .# ..###...# .#
....###.# .# ......#'#
.# #%.....### .###
###......# ...#
###..#.#
...##################.#
..................##..#


You could see a bombardier beetle, an endoplasm and a bat.

Vanquished Creatures
  An orc wizard (D:3)
  3 adders
  2 ribbon worms
  A dart slug (D:2)
  An orc (D:3)
  3 ball pythons
  4 bats
  5 endoplasms
  A giant cockroach (D:3)
  4 goblins
  8 hobgoblins
  4 jackals (D:2)
  6 quokkas
  A frilled lizard (D:1)
  A kobold (D:3)
  5 rats
50 creatures vanquished.

Notes
Turn   | Place    | Note
-------+----------+-------------------------------------------
     0 | D:1      | qw the Deep Elf Hunter began the quest for the Orb.
     0 | D:1      | Reached XP level 1. HP: 12/12 MP: 3/3
     0 | D:1      | 0 ||| qw: Version: 0.3-a-157-g843a77d
     0 | D:1      | 0 ||| qw: Game counter: 3563
     0 | D:1      | 0 ||| qw: Melee chars always use a shield: true
     0 | D:1      | 0 ||| qw: God list: Okawaru
     0 | D:1      | 0 ||| qw: Allow faded altars: false
     0 | D:1      | 0 ||| qw: Do Orc after clearing Dungeon:15 true
     0 | D:1      | 0 ||| qw: Do second Lair branch before Depths: true
     0 | D:1      | 0 ||| qw: Lair rune preference: random
     0 | D:1      | 0 ||| qw: Goals: Normal
     0 | D:1      | 0 ||| PLANNING D:1-11
   226 | D:1      | Reached XP level 2. HP: 16/16 MP: 4/4
   335 | D:1      | Reached skill level 6 in Ranged Weapons
   626 | D:1      | 626 ||| UPGRADING to +0 scale mail.
   636 | D:1      | 636 ||| DROPPING +0 leather armour.
   637 | D:1      | 637 ||| READING scroll labelled BYUGUA TUNNAPH.
   638 | D:1      | 638 ||| READING scroll labelled ROIZXI WIKI.
   639 | D:1      | 639 ||| READING scroll labelled MIMASO BAUNLO.
   640 | D:1      | 640 ||| READING scroll labelled IRPHEPR BAOKO.
   641 | D:1      | 641 ||| DROPPING scroll of butterflies.
  1008 | D:2      | Reached XP level 3. HP: 17/20 MP: 5/5
  1171 | D:2      | Reached skill level 7 in Ranged Weapons
  1426 | D:2      | 1426 ||| UPGRADING to amulet of the acrobat.
  1431 | D:2      | 1431 ||| READING scroll labelled FARUHA NUOKKOIF.
  1431 | D:2      | 1431 ||| ENCHANTING +0 shortbow.
  1432 | D:2      | 1432 ||| READING scroll labelled SYUKILIDGHA.
  1433 | D:2      | 1433 ||| READING scroll labelled VAYGON SIMIQ.
  1499 | D:3      | HP: 2/20 [orc wizard/magic dart (8)]
  1500 | D:3      | 1500 ||| FLEEEEING.
  1501 | D:3      | 1501 ||| FLEEEEING.
  1502 | D:3      | 1502 ||| FLEEEEING.
  1503 | D:3      | 1503 ||| FLEEEEING.
  1506 | D:3      | 1506 ||| FLEEEEING.
  1507 | D:3      | 1507 ||| FLEEEEING.
  1508 | D:3      | 1508 ||| FLEEEEING.
  1509 | D:3      | 1509 ||| FLEEEEING.
  1510 | D:3      | 1510 ||| FLEEEEING.
  1511 | D:3      | 1511 ||| FLEEEEING.
  1512 | D:3      | 1512 ||| FLEEEEING.
  1513 | D:3      | 1513 ||| FLEEEEING.
  1514 | D:3      | 1514 ||| FLEEEEING.
  1515 | D:3      | 1515 ||| FLEEEEING.
  1516 | D:3      | 1516 ||| FLEEEEING.
  1517 | D:3      | 1517 ||| FLEEEEING.
  1518 | D:3      | 1518 ||| FLEEEEING.
  1519 | D:3      | 1519 ||| FLEEEEING.
  1520 | D:3      | 1520 ||| FLEEEEING.
  1521 | D:3      | 1521 ||| FLEEEEING.
  1522 | D:3      | 1522 ||| FLEEEEING.
  1523 | D:3      | 1523 ||| FLEEEEING.
  1524 | D:3      | 1524 ||| FLEEEEING.
  1525 | D:3      | 1525 ||| FLEEEEING.
  1526 | D:3      | 1526 ||| FLEEEEING.
  1527 | D:3      | 1527 ||| FLEEEEING.
  1528 | D:3      | 1528 ||| FLEEEEING.
  1529 | D:3      | 1529 ||| FLEEEEING.
  1530 | D:3      | 1530 ||| STAIRDANCE
  1589 | D:3      | Reached XP level 4. HP: 22/25 MP: 6/6
  1782 | D:3      | Reached skill level 8 in Ranged Weapons
  1790 | D:3      | Incinerated by a bombardier beetle

Levels and vault maps discovered:
D:1:      dpeg_arrival_round_b, layout_rooms, serial_forest,
          infiniplex_forest_clump_tiny, infiniplex_forest_lined_3,
          infiniplex_forest_lined_2, infiniplex_forest_pool,
          infiniplex_forest_corner_1, infiniplex_forest_end_2,
          hangedman_abyss_or_decor_stabs
D:2:      minmay_recursive_quarters, layout_basic
D:3:      minmay_razor_zed, layout_rooms, mainiacjoe_overflow_brackets,
          amcnicky_mini_pool_small, roderic_batcave, dk_vineyard_2

Skill      XL: |  1  2  3  4 |
---------------+-------------+-----
Ranged Weapons | 6 7 8 |  8.1
Fighting       | |  1.5
Dodging        | |  2.4
Stealth        | |  1.2

Action                     |  1- 3 |  4- 6 || total
---------------------------+-------+-------++-------
   Fire: Shortbow          |   109 |    46 ||   155
    Use: Scroll            |     7 |       ||     7
 Armour: Leather armour    |     4 |       ||     4
         Scale mail        |    49 |    22 ||    71
  Dodge: Dodged            |    27 |    14 ||    41

Table legend:
 A = Non-vault XP
 B = Vault XP
 C = Vault XP percentage of total XP
 D = Non-vault monster count
 E = Vault monster count
 F = Vault count percentage of total count
                 A         B        C        D         E       F
            +---------+---------+-------+---------+---------+-------
      Total |     142 |      21 |  12.9 |      41 |       9 |  18.0
            +---------+---------+-------+---------+---------+-------
        D:1 |      16 |       0 |   0.0 |       9 |       0 |   0.0
        D:2 |      42 |      19 |  31.1 |      18 |       8 |  30.8
        D:3 |      84 |       2 |   2.3 |      14 |       1 |   6.7
            +---------+---------+-------+---------+---------+-------
